Senators vs Wild

Created - 13 février 2018 at 17:25

Goals
1 2 3 T
Senators 0 0 1 1
Wild 1 3 1 5
Shots
1 2 3 T
Senators 12 6 7 25
Wild 8 11 14 33

1st period

1. Wild , Eric Staal 26 (Marco Scandella 7, Tanner Pearson 24) at 11:15 (PP)

Penalties :
Richard Panik (MIN) for Hooking (Minor) at 0:25, Jason Pominville (MIN) for Hooking (Minor) at 3:16, Zbynek Michalek (OTT) for Tripping (Minor) at 3:16, Anton Lander (OTT) for High sticking (Minor) at 10:12, Marian Gaborik (MIN) for Tripping (Minor) at 15:08, Kevin Bieksa (OTT) for Hooking (Minor) at 18:13

2nd period

2. Wild , Eric Staal 27 (Luke Schenn 8) at 5:13 (PP)
3. Wild , Sven Baertschi 14 (Andreas Athanasiou 19, Josh Gorges 12) at 7:02
4. Wild , Eric Staal 28 (Tanner Pearson 25, Jason Pominville 34) at 19:42

Penalties :
Jason Pominville (MIN) for Hooking (Minor) at 1:33, Robbie Russo (OTT) for Holding (Minor) at 4:17

3rd period

5. Senators , Brayden Schenn 24 (Tyler Seguin 32) at 8:19
6. Wild , Richard Panik 19 (Jason Spezza 44, Christian Folin 13) at 12:39

Penalties :
Richard Panik (MIN) for Roughing (Minor) at 3:20

Goalie Stats

Andrew Hammond (OTT), 14 saves from 15 shots - (0.933), 20:18 minutes
Tuukka Rask (OTT), 14 saves from 18 shots - (0.778), L, 34-16-4, 39:42 minutes
James Reimer (MIN), 24 saves from 25 shots - (0.960), W, 28-31-5, 60:00 minutes

Players Stats for Senators

Player Name              G  A  P  +/- PIM S  H  SB GA TA FO     MP     PP MP  PK MP  
------------------------------------------------------------------------------------
Anton Lander             0  0  0  -1  2   1  0  0  0  0  2/10   15:28   0:00   0:22 
Bobby Ryan               0  0  0   0  0   2  0  0  0  0  1/2    15:20   3:40   0:00 
Brayden Schenn           1  0  1   0  0   6  3  0  0  0  0/1    22:56   4:16   3:00 
Danny DeKeyser           0  0  0   0  0   0  0  0  0  0  0/0     5:24   0:00   0:21 
Derick Brassard          0  0  0  -1  0   4  4  0  0  0  13/27  21:24   3:40   0:40 
Devin Setoguchi          0  0  0  -1  0   0  1  0  0  0  3/8    11:58   0:00   0:00 
Jason Garrison           0  0  0  -2  0   0  0  2  0  0  0/0    21:46   4:34   2:36 
Jussi Jokinen            0  0  0  -1  0   2  0  0  0  0  0/1    12:37   0:00   0:39 
Kevin Bieksa             0  0  0  -1  2   1  2  0  0  0  0/0    24:13   3:22   0:17 
Lauri Korpikoski         0  0  0   0  0   1  1  0  0  0  0/0     6:04   0:00   0:00 
Mark Stone               0  0  0  -1  0   3  0  0  0  0  0/0    20:41   4:16   0:00 
Matt Puempel             0  0  0   0  0   0  0  0  0  0  0/0     6:08   0:00   0:00 
Michael Stone            0  0  0  -2  0   0  1  1  0  0  0/0    21:46   4:34   2:36 
Mike Hoffman             0  0  0  -1  0   2  1  0  0  0  2/2    21:03   3:40   0:19 
Niklas Hjalmarsson       0  0  0  -1  0   1  0  1  0  0  0/0    20:06   3:22   0:00 
Robbie Russo             0  0  0   1  2   0  3  1  0  0  0/0    13:02   0:00   0:44 
Tyler Seguin             0  1  1   0  0   2  0  0  0  0  14/33  20:23   4:16   2:56 
Zbynek Michalek          0  0  0   1  2   0  0  0  0  0  0/0    13:40   0:00   1:22 

Players Stats for Wild

Player Name              G  A  P  +/- PIM S  H  SB GA TA FO     MP     PP MP  PK MP  
------------------------------------------------------------------------------------
Andreas Athanasiou       0  1  1   1  0   0  1  0  0  0  13/18  18:12   1:21   2:59 
Christian Folin          0  1  1   1  0   0  0  2  0  0  0/0    20:35   1:37   3:26 
Eric Staal               3  0  3   0  0   9  2  0  0  0  12/25  21:57   1:21   0:55 
Jason Pominville         0  1  1   0  4   2  1  0  0  0  0/2    14:46   0:00   0:00 
Jason Spezza             0  1  1   1  0   3  2  0  0  0  14/22  21:17   2:37   4:14 
Johnny Oduya             0  0  0  -1  0   0  0  2  0  0  0/0    16:51   1:07   1:14 
Joonas Donskoi           0  0  0   0  0   0  0  0  0  0  1/1     5:00   0:00   0:50 
Josh Gorges              0  1  1   2  0   1  0  1  0  0  0/0    18:36   0:00   0:26 
Luke Schenn              0  1  1   2  0   0  5  1  0  0  0/0    22:59   2:21   3:54 
Marco Scandella          0  1  1   1  0   0  0  2  0  0  0/0    20:42   1:03   3:16 
Marian Gaborik           0  0  0   0  2   1  1  0  0  0  0/0     4:09   0:00   0:00 
Mason Raymond            0  0  0   1  0   0  1  0  0  0  1/1    13:59   0:00   0:00 
Nicklas Grossmann        0  0  0  -1  0   1  0  0  0  0  0/0    20:08   1:48   3:36 
Richard Panik            1  0  1   1  4   5  4  0  0  0  0/0    16:05   2:37   0:20 
Riley Nash               0  0  0   1  0   1  1  0  0  0  7/13   20:56   2:37   4:02 
Ryan Callahan            0  0  0   0  0   0  0  0  0  0  0/0     0:09   0:00   0:00 
Sven Baertschi           1  0  1   1  0   3  2  0  0  0  1/1    13:59   0:00   0:00 
Tanner Pearson           0  2  2   0  0   7  1  0  0  0  0/1    19:40   1:21   2:32 

3 Stars

1 - Eric Staal (MIN)
2 - Luke Schenn (MIN)
3 - Sven Baertschi (MIN)

Power Play

Senators - 0 on 4 Attempt(s) - 0.00%
Wild - 2 on 3 Attempt(s) - 66.67%

Penalty Kill

Senators - 1 on 3 Attempt(s) - 33.33% - Score 0 goal in Penalty Kill
Wild - 4 on 4 Attempt(s) - 100.00% - Score 0 goal in Penalty Kill

Team Stat

Senators - Hits : 16 - Faceoff Wins : 35 - Blocked Shots : 5 - Penalty Minutes : 8
Wild - Hits : 21 - Faceoff Wins : 49 - Blocked Shots : 8 - Penalty Minutes : 10

Official

Referees : Mark Lemelin and Kyle Rehman
Linesman : Trent Knorr and Matt MacPherson

Game Notes

Eric Staal has scored a Hat Trick!
Andrew Hammond enters game at 19:42 of 2nd period

Finance

Level 1 -- Attendance: 6235 (95.92%) -- Ticket Income 685 850 $
Level 2 -- Attendance: 4678 (93.56%) -- Ticket Income 350 850 $
Level 3 -- Attendance: 3400 (97.14%) -- Ticket Income 190 400 $
Level 4 -- Attendance: 1954 (100.00%) -- Ticket Income 78 160 $
Luxury Box -- Attendance: 948 (94.80%) -- Ticket Income 188 652 $
Game was played at the Xcel Energy Center.
Total Attendance: 17215 (95.88%)
Total Ticket Income: 1 493 912 $
Other Income: 224 087 $
Total Income: 1 717 999 $

% Time on Ice - Senators

Lines # - Real PCT - Wanted PCT - Time Play
Normal Forward
1 - 36% - 40% - 16:25
2 - 25% - 30% - 11:40
3 - 26% - 20% - 11:58
4 - 13% - 10% - 6:04
Normal Defense
1 - 32% - 40% - 14:46
2 - 30% - 30% - 13:59
3 - 27% - 20% - 12:19
4 - 11% - 10% - 5:03
PP Forward
1 - 54% - 60% - 4:16
2 - 46% - 40% - 3:40
PP Defense
1 - 42% - 60% - 3:22
2 - 58% - 40% - 4:34
PK Forward
1 - 84% - 60% - 3:19
2 - 16% - 40% - 0:39
PK Defense
1 - 34% - 60% - 1:22
2 - 66% - 40% - 2:36
PK3 Forward
1 - 0% - 60%
2 - 0% - 40%
PK3 Defense
1 - 0% - 60%
2 - 0% - 40%
44 Forward
1 - 67% - 60% - 1:20
2 - 33% - 40% - 0:39
44 Defense
1 - 69% - 60% - 1:22
2 - 31% - 40% - 0:37
Last Minute Offensive  - 0:00
Last Minute Defensive  - 0:00
Total
Forward - 60:00
Defense - 60:00

% Time on Ice - Wild

Lines # - Real PCT - Wanted PCT - Time Play
Normal Forward
1 - 32% - 40% - 14:48
2 - 29% - 30% - 13:10
3 - 30% - 20% - 13:59
4 - 9% - 10% - 4:10
Normal Defense
1 - 31% - 40% - 14:25
2 - 32% - 30% - 14:56
3 - 30% - 20% - 13:52
4 - 6% - 10% - 2:54
PP Forward
1 - 34% - 60% - 1:21
2 - 66% - 40% - 2:37
PP Defense
1 - 59% - 60% - 2:21
2 - 41% - 40% - 1:37
PK Forward
1 - 68% - 60% - 5:24
2 - 32% - 40% - 2:32
PK Defense
1 - 49% - 60% - 3:54
2 - 51% - 40% - 4:02
PK3 Forward
1 - 0% - 60%
2 - 0% - 40%
PK3 Defense
1 - 0% - 60%
2 - 0% - 40%
44 Forward
1 - 56% - 60% - 1:07
2 - 44% - 40% - 0:52
44 Defense
1 - 56% - 60% - 1:07
2 - 44% - 40% - 0:52
Last Minute Offensive  - 0:00
Last Minute Defensive  - 0:00
Total
Forward - 60:00
Defense - 60:00

Play by Play

1st period


0:01 of 1st period - Derick Brassard wins face-off versus Eric Staal in neutral zone.
0:18 of 1st period - Shot by Eric Staal.
0:18 of 1st period - Shot Misses the Net.
0:20 of 1st period - Shot by Luke Schenn.
0:20 of 1st period - Shot Misses the Net.
0:22 of 1st period - Shot by Eric Staal.
0:22 of 1st period - Shot Misses the Net.
0:24 of 1st period - Shot by Eric Staal.
0:24 of 1st period - Stopped by Tuukka Rask without a rebound.
0:25 of 1st period - Tyler Seguin wins face-off versus Jason Spezza in Senators zone.
0:25 of 1st period - Minor Penalty to Richard Panik for Hooking.
0:26 of 1st period - Riley Nash wins face-off versus Tyler Seguin in Wild zone.
1:04 of 1st period - Shot by Tyler Seguin.
1:04 of 1st period - Shot Misses the Net.
1:34 of 1st period - Shot by Mike Hoffman.
1:34 of 1st period - Shot Misses the Net.
1:36 of 1st period - Shot by Niklas Hjalmarsson.
1:36 of 1st period - Shot Misses the Net.
1:38 of 1st period - Shot by Kevin Bieksa.
1:38 of 1st period - Shot Misses the Net.
1:40 of 1st period - Shot by Niklas Hjalmarsson.
1:40 of 1st period - Shot Misses the Net.
2:18 of 1st period - Shot by Brayden Schenn.
2:18 of 1st period - Shot Blocked by Josh Gorges.
2:47 of 1st period - Sven Baertschi is hit by Robbie Russo and loses puck.
3:06 of 1st period - Eric Staal is hit by Devin Setoguchi and loses puck.
3:15 of 1st period - Shot by Tanner Pearson.
3:15 of 1st period - Shot Misses the Net.
3:16 of 1st period - Minor Penalty to Jason Pominville for Hooking.
3:16 of 1st period - Minor Penalty to Zbynek Michalek for Tripping.
3:17 of 1st period - Riley Nash wins face-off versus Tyler Seguin in Senators zone.
3:30 of 1st period - Shot by Riley Nash.
3:30 of 1st period - Shot Misses the Net.
4:16 of 1st period - Icing by Nicklas Grossmann.
4:17 of 1st period - Derick Brassard wins face-off versus Eric Staal in Wild zone.
4:22 of 1st period - Shot by Mike Hoffman.
4:22 of 1st period - Shot Misses the Net.
4:46 of 1st period - Shot by Derick Brassard.
4:46 of 1st period - Stopped by James Reimer without a rebound.
4:47 of 1st period - Riley Nash wins face-off versus Derick Brassard in Wild zone.
4:47 of 1st period - Riley Nash is hit by Derick Brassard.
4:52 of 1st period - Off-side.
4:53 of 1st period - Riley Nash wins face-off versus Tyler Seguin in neutral zone.
4:56 of 1st period - Shot by Jason Spezza.
4:56 of 1st period - Stopped by Tuukka Rask without a rebound.
4:57 of 1st period - Riley Nash wins face-off versus Tyler Seguin in Senators zone.
5:28 of 1st period - Shot by Derick Brassard.
5:28 of 1st period - Shot Blocked by Luke Schenn.
5:30 of 1st period - Shot by Robbie Russo.
5:30 of 1st period - Shot Misses the Net.
5:34 of 1st period - Shot by Mark Stone.
5:34 of 1st period - Shot Misses the Net.
5:36 of 1st period - Shot by Derick Brassard.
5:36 of 1st period - Stopped by James Reimer without a rebound.
5:37 of 1st period - Eric Staal wins face-off versus Anton Lander in Wild zone.
5:57 of 1st period - Shot by Matt Puempel.
5:57 of 1st period - Shot Misses the Net.
5:59 of 1st period - Shot by Anton Lander.
5:59 of 1st period - Stopped by James Reimer with a rebound.
6:01 of 1st period - Shot by Michael Stone.
6:01 of 1st period - Shot Misses the Net.
6:07 of 1st period - Shot by Lauri Korpikoski.
6:07 of 1st period - Stopped by James Reimer without a rebound.
6:08 of 1st period - Jason Spezza wins face-off versus Derick Brassard in Wild zone.
6:38 of 1st period - Shot by Richard Panik.
6:38 of 1st period - Shot Blocked by Niklas Hjalmarsson.
6:48 of 1st period - Shot by Derick Brassard.
6:48 of 1st period - Stopped by James Reimer without a rebound.
6:49 of 1st period - Eric Staal wins face-off versus Tyler Seguin in Wild zone.
7:29 of 1st period - Icing by Michael Stone.
7:30 of 1st period - Andreas Athanasiou wins face-off versus Tyler Seguin in Senators zone.
7:33 of 1st period - Shot by Sven Baertschi.
7:33 of 1st period - Stopped by Tuukka Rask without a rebound.
7:34 of 1st period - Sven Baertschi wins face-off versus Derick Brassard in Senators zone.
8:19 of 1st period - Nicklas Grossmann is hit by Derick Brassard.
9:35 of 1st period - Shot by Tyler Seguin.
9:35 of 1st period - Deflect By Brayden Schenn.
9:35 of 1st period - Stopped by James Reimer without a rebound.
9:36 of 1st period - Eric Staal wins face-off versus Tyler Seguin in Wild zone.
9:51 of 1st period - Icing by Jason Garrison.
9:52 of 1st period - Jason Spezza wins face-off versus Tyler Seguin in Senators zone.
9:57 of 1st period - Shot by Richard Panik.
9:57 of 1st period - Stopped by Tuukka Rask without a rebound.
9:58 of 1st period - Andreas Athanasiou wins face-off versus Anton Lander in Senators zone.
10:12 of 1st period - Minor Penalty to Anton Lander for High sticking.
10:13 of 1st period - Jason Spezza wins face-off versus Tyler Seguin in Senators zone.
10:30 of 1st period - Shot by Richard Panik.
10:30 of 1st period - Shot Blocked by Jason Garrison.
11:15 of 1st period - Shot by Eric Staal.
11:15 of 1st period - Goal by Eric Staal - Senators : 0 - Wild : 1.
11:16 of 1st period - Anton Lander wins face-off versus Eric Staal in neutral zone.
11:31 of 1st period - Off-side.
11:32 of 1st period - Andreas Athanasiou wins face-off versus Derick Brassard in neutral zone.
11:55 of 1st period - Shot by Mark Stone.
11:55 of 1st period - Shot Misses the Net.
12:08 of 1st period - Off-side.
12:09 of 1st period - Eric Staal wins face-off versus Tyler Seguin in neutral zone.
12:44 of 1st period - Shot by Jason Pominville.
12:44 of 1st period - Shot Misses the Net.
12:46 of 1st period - Shot by Eric Staal.
12:46 of 1st period - Stopped by Tuukka Rask without a rebound.
12:47 of 1st period - Jason Spezza wins face-off versus Anton Lander in Senators zone.
12:56 of 1st period - Shot by Riley Nash.
12:56 of 1st period - Shot Misses the Net.
13:03 of 1st period - Icing by Michael Stone.
13:04 of 1st period - Devin Setoguchi wins face-off versus Andreas Athanasiou in Senators zone.
13:04 of 1st period - Devin Setoguchi is hit by Andreas Athanasiou.
14:34 of 1st period - Icing by Riley Nash.
14:35 of 1st period - Jason Spezza wins face-off versus Bobby Ryan in Wild zone.
14:49 of 1st period - Shot by Tyler Seguin.
14:49 of 1st period - Stopped by James Reimer without a rebound.
14:50 of 1st period - Bobby Ryan wins face-off versus Eric Staal in Wild zone.
14:51 of 1st period - Shot by Tyler Seguin.
14:51 of 1st period - Deflect By Brayden Schenn.
14:51 of 1st period - Shot Hit the Post.
14:53 of 1st period - Shot by Bobby Ryan.
14:53 of 1st period - Stopped by James Reimer without a rebound.
14:54 of 1st period - Tyler Seguin wins face-off versus Eric Staal in Wild zone.
15:03 of 1st period - Shot by Tanner Pearson.
15:03 of 1st period - Stopped by Tuukka Rask without a rebound.
15:04 of 1st period - Derick Brassard wins face-off versus Eric Staal in Senators zone.
15:08 of 1st period - Minor Penalty to Marian Gaborik for Tripping.
15:09 of 1st period - Tyler Seguin wins face-off versus Riley Nash in Wild zone.
15:34 of 1st period - Shot by Tyler Seguin.
15:34 of 1st period - Stopped by James Reimer without a rebound.
15:35 of 1st period - Andreas Athanasiou wins face-off versus Derick Brassard in Wild zone.
16:09 of 1st period - Icing by Michael Stone.
16:10 of 1st period - Andreas Athanasiou wins face-off versus Derick Brassard in Senators zone.
16:14 of 1st period - Shot by Tanner Pearson.
16:14 of 1st period - Stopped by Tuukka Rask without a rebound.
16:15 of 1st period - Tyler Seguin wins face-off versus Riley Nash in Senators zone.
16:15 of 1st period - Tyler Seguin is hit by Jason Spezza.
16:31 of 1st period - Shot by Mark Stone.
16:31 of 1st period - Stopped by James Reimer with a rebound.
16:41 of 1st period - Shot by Tyler Seguin.
16:41 of 1st period - Deflect By Brayden Schenn.
16:41 of 1st period - Stopped by James Reimer without a rebound.
16:42 of 1st period - Andreas Athanasiou wins face-off versus Derick Brassard in Wild zone.
16:42 of 1st period - Andreas Athanasiou is hit by Derick Brassard.
17:19 of 1st period - Shot by Jussi Jokinen.
17:19 of 1st period - Stopped by James Reimer without a rebound.
17:20 of 1st period - Eric Staal wins face-off versus Anton Lander in Wild zone.
17:20 of 1st period - Jason Pominville is hit by Lauri Korpikoski.
17:41 of 1st period - Lauri Korpikoski is hit by Tanner Pearson and loses puck.
18:13 of 1st period - Minor Penalty to Kevin Bieksa for Hooking.
18:14 of 1st period - Tyler Seguin wins face-off versus Jason Spezza in Senators zone.
Goals for this period are 0 for Senators vs 1 for Wild.
Shots for this period are 12 for Senators vs 8 for Wild.

2nd period


0:01 of 2nd period - Andreas Athanasiou wins face-off versus Tyler Seguin in neutral zone.
0:34 of 2nd period - Shot by Mark Stone.
0:34 of 2nd period - Shot Misses the Net.
1:24 of 2nd period - Shot by Tyler Seguin.
1:24 of 2nd period - Deflect By Brayden Schenn.
1:24 of 2nd period - Stopped by James Reimer without a rebound.
1:25 of 2nd period - Devin Setoguchi wins face-off versus Eric Staal in Wild zone.
1:27 of 2nd period - Jussi Jokinen is hit by Luke Schenn and loses puck.
1:33 of 2nd period - Minor Penalty to Jason Pominville for Hooking.
1:34 of 2nd period - Andreas Athanasiou wins face-off versus Tyler Seguin in Wild zone.
2:17 of 2nd period - Shot by Bobby Ryan.
2:17 of 2nd period - Stopped by James Reimer without a rebound.
2:18 of 2nd period - Derick Brassard wins face-off versus Riley Nash in Wild zone.
3:51 of 2nd period - Joonas Donskoi is hit by Robbie Russo and loses puck.
3:54 of 2nd period - Shot by Joonas Donskoi.
3:54 of 2nd period - Shot Blocked by Robbie Russo.
4:03 of 2nd period - Devin Setoguchi is hit by Marian Gaborik and loses puck.
4:17 of 2nd period - Minor Penalty to Robbie Russo for Holding.
4:18 of 2nd period - Jason Spezza wins face-off versus Tyler Seguin in Senators zone.
4:29 of 2nd period - Shot by Richard Panik.
4:29 of 2nd period - Stopped by Tuukka Rask without a rebound.
4:30 of 2nd period - Jason Spezza wins face-off versus Tyler Seguin in Senators zone.
5:13 of 2nd period - Shot by Eric Staal.
5:13 of 2nd period - Goal by Eric Staal - Senators : 0 - Wild : 2.
5:14 of 2nd period - Andreas Athanasiou wins face-off versus Derick Brassard in neutral zone.
5:14 of 2nd period - Sven Baertschi is hit by Mike Hoffman and loses puck.
6:35 of 2nd period - Icing by Luke Schenn.
6:36 of 2nd period - Devin Setoguchi wins face-off versus Jason Spezza in Wild zone.
6:49 of 2nd period - Anton Lander is hit by Luke Schenn and loses puck.
6:52 of 2nd period - Shot by Jussi Jokinen.
6:52 of 2nd period - Stopped by James Reimer without a rebound.
6:53 of 2nd period - Andreas Athanasiou wins face-off versus Brayden Schenn in Wild zone.
7:02 of 2nd period - Shot by Andreas Athanasiou.
7:02 of 2nd period - Deflect By Sven Baertschi.
7:02 of 2nd period - Goal by Sven Baertschi - Senators : 0 - Wild : 3.
7:03 of 2nd period - Eric Staal wins face-off versus Anton Lander in neutral zone.
7:21 of 2nd period - Icing by Josh Gorges.
7:22 of 2nd period - Tyler Seguin wins face-off versus Eric Staal in Wild zone.
7:37 of 2nd period - Shot by Jason Pominville.
7:37 of 2nd period - Stopped by Tuukka Rask with a rebound.
7:43 of 2nd period - Shot by Tanner Pearson.
7:43 of 2nd period - Stopped by Tuukka Rask with a rebound.
7:45 of 2nd period - Shot by Eric Staal.
7:45 of 2nd period - Stopped by Tuukka Rask without a rebound.
7:46 of 2nd period - Jason Spezza wins face-off versus Devin Setoguchi in Senators zone.
7:55 of 2nd period - Shot by Riley Nash.
7:55 of 2nd period - Stopped by Tuukka Rask without a rebound.
7:56 of 2nd period - Derick Brassard wins face-off versus Andreas Athanasiou in Senators zone.
8:10 of 2nd period - Icing by Mark Stone.
8:11 of 2nd period - Derick Brassard wins face-off versus Jason Spezza in Senators zone.
8:19 of 2nd period - Icing by Nicklas Grossmann.
8:20 of 2nd period - Jason Spezza wins face-off versus Tyler Seguin in Wild zone.
8:38 of 2nd period - Riley Nash is hit by Brayden Schenn and loses puck.
9:04 of 2nd period - Shot by Eric Staal.
9:04 of 2nd period - Shot Blocked by Michael Stone.
9:17 of 2nd period - Shot by Eric Staal.
9:17 of 2nd period - Shot Blocked by Jason Garrison.
9:49 of 2nd period - Off-side.
9:50 of 2nd period - Mason Raymond wins face-off versus Derick Brassard in neutral zone.
9:59 of 2nd period - Shot by Sven Baertschi.
9:59 of 2nd period - Stopped by Tuukka Rask without a rebound.
10:00 of 2nd period - Jason Spezza wins face-off versus Devin Setoguchi in Senators zone.
10:00 of 2nd period - Richard Panik is hit by Kevin Bieksa and loses puck.
10:56 of 2nd period - Off-side.
10:57 of 2nd period - Derick Brassard wins face-off versus Eric Staal in neutral zone.
11:04 of 2nd period - Shot by Mark Stone.
11:04 of 2nd period - Stopped by James Reimer without a rebound.
11:05 of 2nd period - Eric Staal wins face-off versus Derick Brassard in Wild zone.
11:21 of 2nd period - Icing by Eric Staal.
11:22 of 2nd period - Eric Staal wins face-off versus Anton Lander in Wild zone.
11:28 of 2nd period - Eric Staal is hit by Robbie Russo and loses puck.
11:40 of 2nd period - Lauri Korpikoski is hit by Luke Schenn and loses puck.
11:55 of 2nd period - Lauri Korpikoski is hit by Jason Pominville and loses puck.
12:48 of 2nd period - Mike Hoffman is hit by Riley Nash and loses puck.
14:22 of 2nd period - Shot by Andreas Athanasiou.
14:22 of 2nd period - Shot Misses the Net.
14:48 of 2nd period - Shot by Tyler Seguin.
14:48 of 2nd period - Shot Blocked by Johnny Oduya.
14:50 of 2nd period - Shot by Niklas Hjalmarsson.
14:50 of 2nd period - Shot Misses the Net.
14:52 of 2nd period - Shot by Niklas Hjalmarsson.
14:52 of 2nd period - Stopped by James Reimer without a rebound.
14:53 of 2nd period - Jason Spezza wins face-off versus Devin Setoguchi in Wild zone.
15:19 of 2nd period - Robbie Russo is hit by Richard Panik and loses puck.
15:39 of 2nd period - Off-side.
15:40 of 2nd period - Eric Staal wins face-off versus Tyler Seguin in neutral zone.
16:40 of 2nd period - Lauri Korpikoski is hit by Luke Schenn.
16:49 of 2nd period - Lauri Korpikoski is hit by Luke Schenn and loses puck.
17:53 of 2nd period - Icing by Andreas Athanasiou.
17:54 of 2nd period - Andreas Athanasiou wins face-off versus Devin Setoguchi in Wild zone.
18:03 of 2nd period - Anton Lander is hit by Mason Raymond and loses puck.
18:25 of 2nd period - Shot by Tanner Pearson.
18:25 of 2nd period - Stopped by Tuukka Rask without a rebound.
18:26 of 2nd period - Tyler Seguin wins face-off versus Jason Spezza in Senators zone.
18:26 of 2nd period - Tyler Seguin is hit by Jason Spezza.
18:29 of 2nd period - Brayden Schenn is hit by Richard Panik.
19:17 of 2nd period - Icing by Josh Gorges.
19:18 of 2nd period - Derick Brassard wins face-off versus Jason Pominville in Wild zone.
19:21 of 2nd period - Shot by Mark Stone.
19:21 of 2nd period - Deflect By Mike Hoffman.
19:21 of 2nd period - Stopped by James Reimer without a rebound.
19:22 of 2nd period - Derick Brassard wins face-off versus Tanner Pearson in Wild zone.
19:37 of 2nd period - Shot by Jason Pominville.
19:37 of 2nd period - Shot Misses the Net.
19:42 of 2nd period - Shot by Eric Staal.
19:42 of 2nd period - Goal by Eric Staal - Senators : 0 - Wild : 4.
19:42 of 2nd period - Andrew Hammond enters game.
19:43 of 2nd period - Jason Spezza wins face-off versus Anton Lander in neutral zone.
19:46 of 2nd period - Shot by Richard Panik.
19:46 of 2nd period - Stopped by Andrew Hammond without a rebound.
19:47 of 2nd period - Derick Brassard wins face-off versus Eric Staal in Senators zone.
Goals for this period are 0 for Senators vs 3 for Wild.
Shots for this period are 6 for Senators vs 11 for Wild.

3rd period


0:01 of 3rd period - Derick Brassard wins face-off versus Eric Staal in neutral zone.
0:14 of 3rd period - Shot by Derick Brassard.
0:14 of 3rd period - Stopped by James Reimer without a rebound.
0:15 of 3rd period - Tyler Seguin wins face-off versus Jason Spezza in Wild zone.
0:16 of 3rd period - Shot by Michael Stone.
0:16 of 3rd period - Shot Blocked by Marco Scandella.
0:24 of 3rd period - Shot by Jason Spezza.
0:24 of 3rd period - Stopped by Andrew Hammond without a rebound.
0:25 of 3rd period - Eric Staal wins face-off versus Derick Brassard in Senators zone.
0:26 of 3rd period - Shot by Tanner Pearson.
0:26 of 3rd period - Stopped by Andrew Hammond with a rebound.
0:35 of 3rd period - Eric Staal is hit by Kevin Bieksa and loses puck.
0:42 of 3rd period - Shot by Jason Pominville.
0:42 of 3rd period - Stopped by Andrew Hammond without a rebound.
0:43 of 3rd period - Jason Spezza wins face-off versus Tyler Seguin in Senators zone.
2:27 of 3rd period - Sven Baertschi is hit by Derick Brassard and loses puck.
3:18 of 3rd period - Shot by Eric Staal.
3:18 of 3rd period - Stopped by Andrew Hammond without a rebound.
3:19 of 3rd period - Tyler Seguin wins face-off versus Jason Spezza in Senators zone.
3:19 of 3rd period - Brayden Schenn is hit by Richard Panik and loses puck.
3:20 of 3rd period - Minor Penalty to Richard Panik for Roughing.
3:21 of 3rd period - Tyler Seguin wins face-off versus Riley Nash in Wild zone.
3:27 of 3rd period - Shot by Brayden Schenn.
3:27 of 3rd period - Stopped by James Reimer without a rebound.
3:28 of 3rd period - Tyler Seguin wins face-off versus Riley Nash in Wild zone.
3:29 of 3rd period - Shot by Brayden Schenn.
3:29 of 3rd period - Deflect By Tyler Seguin.
3:29 of 3rd period - Shot Blocked by Marco Scandella.
3:45 of 3rd period - Shot by Michael Stone.
3:45 of 3rd period - Shot Blocked by Christian Folin.
3:59 of 3rd period - Shot by Brayden Schenn.
3:59 of 3rd period - Stopped by James Reimer without a rebound.
4:00 of 3rd period - Mike Hoffman wins face-off versus Riley Nash in Wild zone.
4:15 of 3rd period - Shot by Mike Hoffman.
4:15 of 3rd period - Shot Misses the Net.
4:17 of 3rd period - Shot by Niklas Hjalmarsson.
4:17 of 3rd period - Shot Misses the Net.
4:19 of 3rd period - Shot by Mike Hoffman.
4:19 of 3rd period - Stopped by James Reimer without a rebound.
4:20 of 3rd period - Tyler Seguin wins face-off versus Andreas Athanasiou in Wild zone.
4:25 of 3rd period - Shot by Tyler Seguin.
4:25 of 3rd period - Shot Misses the Net.
4:27 of 3rd period - Shot by Mark Stone.
4:27 of 3rd period - Shot Blocked by Christian Folin.
4:29 of 3rd period - Shot by Kevin Bieksa.
4:29 of 3rd period - Shot Misses the Net.
4:31 of 3rd period - Shot by Niklas Hjalmarsson.
4:31 of 3rd period - Deflect By Mark Stone.
4:31 of 3rd period - Stopped by James Reimer with a rebound.
4:33 of 3rd period - Shot by Kevin Bieksa.
4:33 of 3rd period - Stopped by James Reimer without a rebound.
4:34 of 3rd period - Riley Nash wins face-off versus Derick Brassard in Wild zone.
5:49 of 3rd period - Robbie Russo is hit by Sven Baertschi.
6:35 of 3rd period - Shot by Tyler Seguin.
6:35 of 3rd period - Shot Misses the Net.
7:02 of 3rd period - Icing by Luke Schenn.
7:03 of 3rd period - Derick Brassard wins face-off versus Andreas Athanasiou in Wild zone.
7:11 of 3rd period - Icing by Mason Raymond.
7:12 of 3rd period - Andreas Athanasiou wins face-off versus Derick Brassard in Wild zone.
7:21 of 3rd period - Danny DeKeyser is hit by Sven Baertschi and loses puck.
7:37 of 3rd period - Off-side.
7:38 of 3rd period - Anton Lander wins face-off versus Eric Staal in neutral zone.
8:13 of 3rd period - Icing by Jason Pominville.
8:14 of 3rd period - Tyler Seguin wins face-off versus Eric Staal in Wild zone.
8:17 of 3rd period - Shot by Tyler Seguin.
8:17 of 3rd period - Shot Blocked by Johnny Oduya.
8:19 of 3rd period - Shot by Brayden Schenn.
8:19 of 3rd period - Goal by Brayden Schenn - Senators : 1 - Wild : 4.
8:20 of 3rd period - Riley Nash wins face-off versus Derick Brassard in neutral zone.
8:33 of 3rd period - Shot by Mark Stone.
8:33 of 3rd period - Shot Misses the Net.
9:05 of 3rd period - Off-side.
9:06 of 3rd period - Eric Staal wins face-off versus Tyler Seguin in neutral zone.
9:06 of 3rd period - Jason Pominville is hit by Brayden Schenn and loses puck.
9:35 of 3rd period - Shot by Tanner Pearson.
9:35 of 3rd period - Stopped by Andrew Hammond without a rebound.
9:36 of 3rd period - Joonas Donskoi wins face-off versus Jussi Jokinen in Senators zone.
9:44 of 3rd period - Shot by Eric Staal.
9:44 of 3rd period - Stopped by Andrew Hammond without a rebound.
9:45 of 3rd period - Jason Spezza wins face-off versus Anton Lander in Senators zone.
10:36 of 3rd period - Shot by Tanner Pearson.
10:36 of 3rd period - Stopped by Andrew Hammond with a rebound.
10:38 of 3rd period - Shot by Marco Scandella.
10:38 of 3rd period - Shot Misses the Net.
11:13 of 3rd period - Andreas Athanasiou is hit by Michael Stone and loses puck.
11:16 of 3rd period - Shot by Nicklas Grossmann.
11:16 of 3rd period - Stopped by Andrew Hammond without a rebound.
11:17 of 3rd period - Andreas Athanasiou wins face-off versus Tyler Seguin in Senators zone.
11:24 of 3rd period - Shot by Sven Baertschi.
11:24 of 3rd period - Shot Misses the Net.
11:26 of 3rd period - Shot by Sven Baertschi.
11:26 of 3rd period - Shot Misses the Net.
11:46 of 3rd period - Shot by Sven Baertschi.
11:46 of 3rd period - Shot Misses the Net.
12:12 of 3rd period - Niklas Hjalmarsson is hit by Eric Staal and loses puck.
12:33 of 3rd period - Shot by Richard Panik.
12:33 of 3rd period - Stopped by Andrew Hammond with a rebound.
12:39 of 3rd period - Shot by Richard Panik.
12:39 of 3rd period - Goal by Richard Panik - Senators : 1 - Wild : 5.
12:40 of 3rd period - Mike Hoffman wins face-off versus Jason Pominville in neutral zone.
13:39 of 3rd period - Off-side.
13:40 of 3rd period - Tyler Seguin wins face-off versus Andreas Athanasiou in neutral zone.
13:47 of 3rd period - Shot by Bobby Ryan.
13:47 of 3rd period - Shot Misses the Net.
14:36 of 3rd period - Icing by Riley Nash.
14:37 of 3rd period - Derick Brassard wins face-off versus Jason Spezza in Wild zone.
14:56 of 3rd period - Shot by Jason Spezza.
14:56 of 3rd period - Stopped by Andrew Hammond without a rebound.
14:57 of 3rd period - Eric Staal wins face-off versus Devin Setoguchi in Senators zone.
15:49 of 3rd period - Derick Brassard is hit by Richard Panik and loses puck.
16:09 of 3rd period - Shot by Jason Spezza.
16:09 of 3rd period - Deflect By Richard Panik.
16:09 of 3rd period - Shot Misses the Net.
16:11 of 3rd period - Shot by Josh Gorges.
16:11 of 3rd period - Stopped by Andrew Hammond with a rebound.
18:24 of 3rd period - Shot by Jason Pominville.
18:24 of 3rd period - Deflect By Eric Staal.
18:24 of 3rd period - Stopped by Andrew Hammond with a rebound.
18:41 of 3rd period - Jussi Jokinen is hit by Eric Staal and loses puck.
18:53 of 3rd period - Jason Pominville is hit by Brayden Schenn and loses puck.
19:59 of 3rd period - Shot by Marian Gaborik.
19:59 of 3rd period - Stopped by Andrew Hammond without a rebound.
Goals for this period are 1 for Senators vs 1 for Wild.
Shots for this period are 7 for Senators vs 14 for Wild.